 Dungeon Crawl Stone Soup version 0.20-a0-465-g6513c8f (webtiles) character file.

37 mopl the Insei (level 3, -1/26 HPs)
             Began as a Barachian Transmuter on Jan 12, 2017.
             Slain by a quokka (3 damage)
             ... on level 2 of the Dungeon.
             The game lasted 00:03:22 (1298 turns).

mopl the Insei (Barachian Transmuter)               Turns: 1298, Time: 00:03:22

Health: -1/26      AC:  2    Str:  8    XL:     3   Next: 39%
Magic:  3/6        EV: 11    Int: 12    God:
Gold:   31         SH:  0    Dex: 11    Spells: 0/6 levels left

rFire  . . .     SeeInvis .       - Unarmed
rCold  . . .     Gourm    .     b - +0 robe
rNeg   . . .     Faith    .     (no shield)
rPois  .         Spirit   .     (no helmet)
rElec  .         Reflect  .     (no cloak)
rCorr  .         Harm     .     (no gloves)
MR     .....                    (no boots)
Stlth  +.........               (no amulet)
                                (no ring)
                                (no ring)

@: appendage (expiring), very slightly contaminated, slow
A: swims, horns 2, slowness 1, strong legs 1
a: Hop, End Transformation


You were on level 2 of the Dungeon.
You were not hungry.
You had grown temporary horns.
You visited 1 branch of the dungeon, and saw 2 of its levels.

You collected 31 gold pieces.

Inventory:

Missiles
 a - 9 arrows
 i - a throwing net (quivered)
 k - 15 poisoned needles
Armour
 b - a +0 robe (worn)
Scrolls
 h - a scroll of remove curse
 m - a scroll of recharging {unknown}
 p - a scroll of teleportation {unknown}
 r - a scroll of immolation {unknown}
 s - a scroll of identify {unknown}
Potions
 e - a potion of curing {unknown}
 f - 2 potions of heal wounds
 g - a potion of resistance {unknown}
 j - a potion of mutation {unknown}
 n - a potion of cure mutation {unknown}
 q - a potion of invisibility {unknown}
Books
 c - a book of Changes

   Spells                             Type                      Level
   a - Beastly Appendage              Transmutation                1
   b - Sticks to Snakes               Transmutation                2
   c - Spider Form                    Transmutation/Poison         3
   d - Ice Form                       Ice/Transmutation            4
   e - Blade Hands                    Transmutation                5
Comestibles
 d - a bread ration


   Skills:
 - Level 1.1(0.5) Fighting
 - Level 2.0(1.0) Dodging
 * Level 3.9(1.9) Unarmed Combat
 - Level 2.0(1.0) Spellcasting
 + Level 2.6(1.3) Transmutations
 + Level 0.0 Poison Magic


You couldn't memorise any spells.
You knew the following spells:

 Your Spells              Type           Power        Failure   Level  Hunger
a - Beastly Appendage     Tmut           #.....       17%         1    ##.....
b - Spider Form           Tmut/Pois      #.........   80%         3    ####...
w - Sticks to Snakes      Tmut           #.......     28%         2    ###....


Dungeon Overview and Level Annotations

Branches:
Dungeon (2/15)

Altars:
Ashenzari


Innate Abilities, Weirdness & Mutations

You can swim through water.
You cover ground slowly.
You can hop short distances.
You have a pair of horns on your head.


Message History

You closely miss the quokka.
The quokka is moderately wounded.
Your transformation is almost over.
The quokka bites you but does no damage.
You hit the quokka.
The quokka is almost dead.
The quokka bites you.
* * * LOW HITPOINT WARNING * * *
You barely miss the quokka.
The quokka is almost dead.
The quokka bites you.
* * * LOW HITPOINT WARNING * * *
You barely miss the quokka.
The quokka is almost dead.
The quokka bites you.
* * * LOW HITPOINT WARNING * * *
Casting: Beastly Appendage
Confirm with . or Enter, or press ? or * to list all spells.
You create a snake!
You now have 9 arrows.
The quokka bites you.
You die...

.# ###.#..)....# .
##...#.#)....#
#####..###.#...#.## #
.............#.#..####..
######...#####..>.......
# ##...## #..........
####..### #..........
##....# ##..S.......
...#.## #...@†......
....># #.#r#####.##
..#### #.._..# ( ..#
###.#..# #.# #...r.#
#... #####.# ###... .?.
##. #.# .#


You could see a quokka and a friendly ball python.

Vanquished Creatures
  An adder (D:1)
  A dart slug (D:1)
  A leopard gecko (D:1)
  2 bats
  A giant cockroach (D:2)
  3 goblins
  A hobgoblin (D:2)
  3 kobolds (D:1)
  A quokka (D:2)
  A ball python (D:1)
  A frilled lizard (D:2)
  3 rats
19 creatures vanquished.

Vanquished Creatures (collateral kills)
  An adder (D:2)
1 creature vanquished.

Grand Total: 20 creatures vanquished

Notes
Turn   | Place    | Note
-------+----------+-------------------------------------------
     0 | D:1      | mopl the Barachian Transmuter began the quest for the Orb.
     0 | D:1      | Reached XP level 1. HP: 15/15 MP: 3/3
   552 | D:1      | Reached XP level 2. HP: 20/21 MP: 3/5
   556 | D:1      | Learned a level 2 spell: Sticks to Snakes
  1048 | D:2      | Reached XP level 3. HP: 18/26 MP: 2/6
  1059 | D:2      | Learned a level 3 spell: Spider Form
  1258 | D:2      | Found a shattered altar of Ashenzari.
  1275 | D:2      | Became a worshipper of Ashenzari the Shackled
  1276 | D:2      | Fell from the grace of Ashenzari
  1298 | D:2      | Slain by a quokka

Vault maps used:
D:1:      scummos_arrival_checkerplants, minmay_crystal_water
D:2:      lemuel_crystal_altar, kennysheep_okawaru_gauntlet

Action                   || total
-------------------------++-------
Melee: Unarmed           ||    74
       Headbutt          ||     3
       Kick              ||     3
 Cast: Beastly Appendage ||    11
       Sticks to Snakes  ||     3
Invok: Renounce Religion ||     1
  Use: Potion            ||     1
  Eat: Chunk             ||     2
Armor: Robe              ||    21
Dodge: Dodged            ||    70
